 Dungeon Crawl Stone Soup version 0.30-b1-2-g02819fbbbe (webtiles) character file.

Game seed: 17614663436674288234

545 protoss039 the Digger (level 7, -8/52 HPs)
             Began as a Demonspawn Earth Elementalist on July 4, 2023.
             Mangled by Pikel
             ... wielding a +2 whip of freezing
              (9 damage)
             ... on level 4 of the Dungeon.
             The game lasted 00:06:44 (3628 turns).

protoss039 the Digger (DsEE)                        Turns: 3628, Time: 00:06:44

Health: -8/52      AC: 10    Str:  8    XL:     7   Next: 6%
Magic:  2/12       EV: 11    Int: 18    God:
Gold:   189        SH:  4    Dex: 14    Spells: 7/13 levels left

rFire   . . .        c - +0 short sword
rCold   . . .        i - +0 buckler
rNeg    . . .        a - +0 robe
rPois   .            (no helmet)
rElec   .            (no cloak)
rCorr   .            r - +1 Delatra's gloves {ID++}
SInv    .            (no boots)
Will    .....        (no amulet)
Stlth   ++           (no ring)
HPRegen 0.28/turn    (no ring)
MPRegen 0.13/turn

%: no passive effects
@: brilliant, sanguine armoured
A: sanguine armour 1, demonic magic 1, weakness stinger 1
a: no special abilities


You were on level 4 of the Dungeon.
You visited 1 branch of the dungeon, and saw 4 of its levels.

You collected 189 gold pieces.

Inventory:

Hand Weapons
 c - a +0 short sword (weapon)
Armour
 a - a +0 robe (worn)
 i - a +0 buckler (worn)
 r - the +1 Delatra's gloves (worn) {ID++}
   (You found it on level 2 of the Dungeon)

   ID++:      It heals its wearer when they drink unknown potions, and restores
   their MP when they read unknown scrolls.
Magical Staves
 b - a staff of air
Scrolls
 d - 2 scrolls of identify {unknown}
 e - 2 scrolls of immolation {unknown}
 f - a scroll of vulnerability {unknown}
 k - a scroll of enchant weapon {unknown}
 n - a scroll of fear {unknown}
 p - a scroll of noise {unknown}
 q - a scroll of teleportation {unknown}
 t - a scroll of enchant armour {unknown}
 u - a scroll of amnesia {unknown}
 v - a scroll of fog {unknown}
 w - 2 scrolls of magic mapping
Potions
 g - 3 potions of curing {unknown}
 h - 2 potions of brilliance
 j - 3 potions of lignification {unknown}
 l - a potion of berserk rage {unknown}
 m - a potion of might {unknown}
 o - a potion of mutation {unknown}
 s - 2 potions of attraction {unknown}
 x - a potion of degeneration {unknown}


   Skills:
 + Level 3.3 Fighting
 - Level 1.7 Dodging
 - Level 1.7 Stealth
 + Level 2.7 Shields
 + Level 3.8 Spellcasting
 * Level 1.4 Conjurations
 + Level 1.3 Transmutations
 + Level 4.2 Earth Magic


You had 7 spell levels left.
You knew the following spells:

 Your Spells              Type           Power      Damage    Failure   Level
a - Sandblast             Erth           56%        2d13      4%          1
b - Passwall              Tmut/Erth      16%        N/A       11%         2
c - Stone Arrow           Conj/Erth      40%        3d9       22%         3

Your spell library contained the following spells:

 Spells                   Type           Power      Damage    Failure   Level
 Petrify                  Tmut/Erth      20%        N/A       58%         4


Dungeon Overview and Level Annotations

Branches:
Dungeon (4/15) Zot: 20311
 Temple: D:4-7

Altars:
Gozag

Shops:
D:3 [

Annotations:
D:4 Pikel


Innate Abilities, Weirdness & Mutations

When seriously injured, your blood forms armour. (AC +6)
Spells you cast may paralyse adjacent enemies.
You have a small tail.


Message History

Pikel is moderately wounded.
Unknown command.
The helpless Pikel fails to defend himself.
You hit Pikel but do no damage.
Pikel is moderately wounded.
Unknown command.
The helpless Pikel fails to defend himself.
You hit Pikel but do no damage. You tail-slap Pikel, but do no damage.
Pikel is moderately wounded.
A lemure comes into view.
Unknown command.
The helpless Pikel fails to defend himself.
You hit Pikel.
Pikel is moderately wounded.
Unknown command.
The helpless Pikel fails to defend himself.
You hit Pikel.
Pikel is heavily wounded.
Pikel is no longer paralysed.
Pikel hits you with a +2 whip of freezing.
* * * LOW HITPOINT WARNING * * *
Pikel freezes you.
* * * LOW HITPOINT WARNING * * *
Unknown command.
Casting: Sandblast (safe; 4% risk of failure)
Confirm with . or Enter, or press ? or * to list all spells.
Aiming: Sandblast (safe; 4% risk of failure)
Press: ? - help, Shift-Dir - straight line, f/p - Pikel
Aim: Pikel, wielding a +2 whip of freezing, wearing a +0 robe and carrying a wand of flame (20) (heavily wounded, 79% to hit)
You feel a surge of power!
The blast of sand hits Pikel but does no damage.
Pikel is heavily wounded.
Malevolent energies surge around you.
The lemure shouts!
Pikel hits you with a +2 whip of freezing!
* * * LOW HITPOINT WARNING * * *
Pikel freezes you.
* * * LOW HITPOINT WARNING * * *
Pikel hits you with a +2 whip of freezing!
You die...

#.. ..# #.# #.# #†#
#########.## #.#
#..........#
#####.###.#......5.#
##..............##..#######
.....#.#####.##.##..5......
##.#.#.#####.##.##K.##
#.#............@K55#
#.###.#####..#.###.# ..#
#.# #..#.# #... #.# #.#
#.:#.# ##### ... #.# ..#.
>.. #.# #. ### .. #.


You could see Pikel, 3 lemures and a kobold.

Vanquished Creatures
  Grinder (D:3)
  A phantom (D:4)
  A scorpion (D:4)
  An iguana (D:4)
  7 gnolls
  5 adders
  A worm (D:2)
  2 dart slugs
  3 orcs
  5 bats
  6 endoplasms
  2 giant cockroaches (D:1)
  5 goblins
  4 hobgoblins
  2 jackals (D:4)
  5 quokkas
  6 ball pythons
  2 frilled lizards
  7 kobolds
  4 rats
70 creatures vanquished.

Notes
Turn   | Place    | Note
-------+----------+-------------------------------------------
     0 | D:1      | protoss039 the Demonspawn Earth Elementalist began the
                  | quest for the Orb.
     0 | D:1      | Reached XP level 1. HP: 13/13 MP: 3/3
   252 | D:1      | Gained mutation: Spells you cast may paralyse adjacent
                  | enemies. [demonic ancestry]
   252 | D:1      | Reached XP level 2. HP: 20/20 MP: 5/5
   577 | D:1      | Reached skill level 1 in Fighting
   848 | D:1      | Reached skill level 3 in Earth Magic
  1112 | D:1      | Found a faded altar of an unknown god.
  1169 | D:1      | Learned a level 2 spell: Passwall
  1177 | D:2      | Reached XP level 3. HP: 26/26 MP: 4/6
  1263 | D:2      | Reached skill level 1 in Transmutations
  1550 | D:2      | Gained mutation: When seriously injured, your blood forms
                  | armour. (AC +6) [demonic ancestry]
  1550 | D:2      | Reached XP level 4. HP: 33/33 MP: 4/8
  1699 | D:2      | Found the +1 Delatra's gloves {ID++}
  1949 | D:2      | Reached skill level 1 in Shields
  2504 | D:3      | Found Qezxut's Armour Boutique.
  2611 | D:3      | Noticed Grinder
  2618 | D:3      | Paralysed by Grinder for 2 turns
  2627 | D:3      | Killed Grinder
  2628 | D:3      | Reached skill level 4 in Earth Magic
  2628 | D:3      | Gained mutation: You have a small tail. [demonic ancestry]
  2628 | D:3      | Reached XP level 5. HP: 9/41 MP: 7/10
  2628 | D:3      | Reached XP level 6. HP: 11/47 MP: 7/11
  2791 | D:3      | Found an opulent altar of Gozag.
  3327 | D:3      | Learned a level 3 spell: Stone Arrow
  3382 | D:4      | Reached skill level 1 in Conjurations
  3609 | D:4      | Noticed Pikel
  3619 | D:4      | Reached XP level 7. HP: 27/52 MP: 5/12
  3628 | D:4      | HP: 1/52 [Pikel/+2 whip of freezing (2)]
  3628 | D:4      | Mangled by Pikel

Illustrated notes

Levels and vault maps discovered:
D:1:      co_arrival_random_square_maze, layout_basic,
          chequers_ecumenical_altar_simple_redux, minmay_quantized
D:2:      layout_basic
D:3:      layout_basic, nicolae_overflow_hidden_temple, serial_shops,
          shop_statue, uniq_grinder
D:4:      layout_loops_ring, nicolae_ashenzari_skybound,
          gammafunk_ghost_cemetery, serial_shops, kennysheep_mini, shop, shop,
          uniq_pikel

Skill      XL: |  1  2  3  4  5  6 |
---------------+-------------------+-----
Fighting       | 1 3 |  3.3
Earth Magic    | 3 4 |  4.2
Transmutations | 1 |  1.3
Shields        | 2 |  2.7
Spellcasting   | 3 |  3.8
Conjurations   | 1 |  1.4
Dodging        | |  1.7
Stealth        | |  1.7

Action                     |  1- 3 |  4- 6 |  7- 9 || total
---------------------------+-------+-------+-------++-------
  Melee: Short sword       |    33 |    23 |     5 ||    61
         Unarmed           |     4 |       |       ||     4
         Tailslap          |       |     2 |     1 ||     3
   Cast: Sandblast         |    35 |    74 |     5 ||   114
    Use: Potion            |       |     2 |       ||     2
         Scroll            |       |     1 |       ||     1
   Stab: Sleeping          |     5 |     1 |       ||     6
         Paralysed         |     2 |     6 |     5 ||    13
 Armour: Robe              |     8 |    23 |       ||    31
  Dodge: Dodged            |    25 |    28 |     1 ||    54
  Block: Buckler           |     4 |    13 |       ||    17
